 Dungeon Crawl Stone Soup version 0.16.1-11-g651b585 (webtiles) character file.

93 Magnus the Insei (level 4, 0/24 HPs)
             Began as a Vine Stalker Monk on Apr 4, 2015.
             Slain by Magnus' ghost (5 damage)
             ... on level 3 of the Dungeon.
             The game lasted 00:10:47 (3003 turns).

Magnus the Insei (Vine Stalker Monk)                Turns: 3003, Time: 00:10:47

Health: 0/24       AC:  2    Str: 14    XL:     4   Next: 61%
Magic:  0/5        EV: 13    Int: 10    God:
Gold:   79         SH:  0    Dex: 17    Spells: 0 memorised, 3 levels left

rFire  . . .     SeeInvis .       - Unarmed
rCold  . . .     Clarity  .     a - +0 robe
rNeg   . . .     SustAb   .     (no shield)
rPois  .         Gourm    .     (no helmet)
rElec  .         Spirit   +     (no cloak)
rCorr  .         Warding  .     (no gloves)
rMut   .         Stasis   .     (no boots)
MR     .....                    (no amulet)
Stlth  +.........               (no ring)
                                (no ring)

@: glowing, not resistant to hostile enchantments, very unstealthy
A: fangs 2, regeneration 1, magic shield, antimagic bite, no device heal 3, rot
immunity
a: no special abilities


You were on level 3 of the Dungeon.
You were hungry.

You visited 1 branch of the dungeon, and saw 3 of its levels.

You collected 79 gold pieces.

Inventory:

Armour
 a - a +0 robe (worn)
Scrolls
 f - a scroll of amnesia
 g - a scroll of teleportation
 i - 2 scrolls of identify
 j - 2 scrolls of remove curse
Potions
 c - a potion of lignification {unknown}
 d - a potion of heal wounds {unknown}
 e - a potion of flight {unknown}
 k - a potion of poison {unknown}
 l - a potion of ambrosia {unknown}
 n - 2 potions of mutation {unknown}
 p - a potion of agility {unknown}
Comestibles
 b - a bread ration
 m - 2 slices of pizza
 o - 2 royal jellies


   Skills:
 + Level 3.4 Fighting
 + Level 2.9 Dodging
 - Level 2.4 Stealth
 * Level 5.0 Unarmed Combat


You had 3 spell levels left.
You didn't know any spells.

Dungeon Overview and Level Annotations

Branches:
Dungeon (3/15)

Altars:
Elyvilon

Annotations:
D:3 Magnus' ghost, average HEAM


Innate Abilities, Weirdness & Mutations

You have extremely sharp teeth.
Your natural rate of healing is unusually fast.
When hurt, damage is shared between your health and your magic reserves.
Your bite disrupts and absorbs the magic of your enemies.
Potions and wands cannot restore your health.
You are immune to rotting.


Message History

Level annotation: Magnus' ghost, average HEAM
There is a stone staircase leading up, spattered with blood here.
Magnus' ghost points at you and mumbles some strange words.
You are outlined in light.
Magnus' ghost hits you.
You barely miss Magnus' ghost. Your bite misses Magnus' ghost.
Magnus' ghost hits you but does no damage.
You barely miss Magnus' ghost. Magnus' ghost hits you!
You completely miss Magnus' ghost. You barely miss Magnus' ghost.
You bite Magnus' ghost, but do no damage.
Magnus' ghost hits you!
You hit Magnus' ghost. You bite Magnus' ghost.
Magnus' ghost's magic leaks into the air.
You drain its magic.
You feel invigorated.
Magnus' ghost is lightly damaged.
Magnus' ghost hits you!
* * * LOW HITPOINT WARNING * * *
Magnus' ghost hits you!
You die...

..##.#.........
...................
.........#.........
#...................
#...<.............##
###....<..............
#............#.....##
##.#...............####>
#..#....W@..............$
#.(......).##.##.#..###.
##.............##.# [#
#####...........##..#.#
##.......#.......###....
##......#####.###### ##..
#.......(###.......####...
#........##>....†.........
##......###.[........#.....


You could see Magnus' ghost.

Vanquished Creatures
  An orc priest (D:2)
  A worm (D:2)
  An adder skeleton (D:3)
  2 orcs (D:2)
  4 giant cockroaches
  8 hobgoblins
  7 kobolds
  A ball python (D:2)
  3 bats (D:1)
  4 giant geckos
  A giant newt (D:2)
  5 goblins
  A jackal zombie (D:3)
  A quokka (D:2)
  7 rats
47 creatures vanquished.

Vanquished Creatures (others)
  A giant cockroach (D:2)
  A hobgoblin (D:2)
2 creatures vanquished.

Grand Total: 49 creatures vanquished

Notes
Turn   | Place    | Note
--------------------------------------------------------------
     0 | D:1      | Magnus, the Vine Stalker Monk, began the quest for the Orb.
     0 | D:1      | Reached XP level 1. HP: 11/11 MP: 1/1
   133 | D:1      | Reached XP level 2. HP: 11/16 MP: 3/3
   998 | D:2      | Reached XP level 3. HP: 20/20 MP: 4/4
  1049 | D:2      | Found a white marble altar of Elyvilon.
  1976 | D:2      | Reached XP level 4. HP: 7/24 MP: 3/5
  2166 | D:3      | Noticed Magnus' ghost (average HEAM)
  2166 | D:3      | Reached skill level 5 in Unarmed Combat
  2691 | D:3      | HP: 1/24 [Magnus' ghost (4)]
  3003 | D:3      | Slain by Magnus' ghost

Action                   |  1- 3 |  4- 6 || total
-------------------------+-------+-------++-------
Melee: Unarmed           |    97 |   123 ||   220
  Use: Scroll            |     6 |       ||     6
 Stab: Sleeping          |     3 |       ||     3
  Eat: Chunk             |     2 |       ||     2
       Bread ration      |     1 |       ||     1
